 Dungeon Crawl Stone Soup version 0.29-a0-275-g389c0b56f3 (webtiles) character file.

Game seed: 14880131322282320802

65 Ajdolov the Bolt Thrower (level 4, -1/35 HPs)
             Began as a Formicid Hunter on Mar 12, 2022.
             Slain by an orc
             ... wielding a +1 hand axe of freezing
              (5 damage)
             ... on level 2 of the Dungeon.
             The game lasted 00:02:34 (1976 turns).

Ajdolov the Bolt Thrower (Formicid Hunter)          Turns: 1976, Time: 00:02:35

Health: -1/35      AC:  3    Str: 17    XL:     4   Next: 34%
Magic:  4/4        EV: 11    Int: 10    God:
Gold:   82         SH:  0    Dex: 13    Spells: 3/3 levels left

rFire   . . .      SeeInvis +   a - +1 hand crossbow
rCold   . . .      Faith    .   (no shield)
rNeg    + . .      Spirit   .   b - +0 leather armour
rPois   .          Reflect  .   (helmet unavailable)
rElec   .          Harm     .   (no cloak)
rCorr   .          Rampage  .   (no gloves)
Will    .....                   (no boots)
Stlth   +.........              (no amulet)
HPRegen 0.11/turn               g - ring of positive energy
MPRegen 0.09/turn               (no ring)

@: no status effects
A: permanent stasis, dig shafts and tunnels, antennae 3, four strong arms
a: Dig, Shaft Self


You were on level 2 of the Dungeon.
You visited 1 branch of the dungeon, and saw 3 of its levels.

You collected 82 gold pieces.

Inventory:

Hand Weapons
 a - a +1 hand crossbow (weapon)
Armour
 b - a +0 leather armour (worn)
Jewellery
 g - a ring of positive energy (left hand)
 k - a ring of ice
Scrolls
 c - a scroll of immolation
 e - 2 scrolls of identify {unknown}
 h - a scroll of magic mapping {unknown}
 j - a scroll of fear {unknown}
 l - a scroll of teleportation {unknown}
Potions
 d - 2 potions of might {unknown}
 f - 2 potions of curing {unknown}
 i - a potion of brilliance {unknown}
 m - a potion of haste {unknown}


   Skills:
 + Level 3.1 Fighting
 * Level 5.1 Crossbows
 - Level 1.7 Dodging
 - Level 1.2 Stealth


You had 3 spell levels left.
You didn't know any spells.
Your spell library was empty.

Dungeon Overview and Level Annotations

Branches:
Dungeon (3/15)

Altars:


Innate Abilities, Weirdness & Mutations

You cannot be hasted, slowed, berserked, paralysed or teleported.
You can dig through walls and to a lower floor.
You have a pair of large antennae on your head. (SInv)
Your four strong arms can wield two-handed weapons with a shield.


Message History

[Y]es or [N]o only, please.
Really attack while wielding your +1 hand crossbow?
Okay, then.
Non-targeted abil: Dig
Press: ? - help, Q - select action, (/) - cycle Dir - look around, f - activate You extend your mandibles.
Unknown command.
Non-targeted abil: Dig
Press: ? - help, Q - select action, (/) - cycle Dir - look around, f - activate
Okay, then.
You are too injured to fight recklessly!
Unknown command.
Okay, then.
You are too injured to fight recklessly!
Unknown command.
You are too injured to fight recklessly!
Shoot: a) +1 hand crossbow
Press: ? - help, Shift-Dir - straight line, f - goblin
Aim: a goblin, wielding a +0 dagger (56% to hit)
You shoot a bolt. The bolt hits the goblin.
The goblin is severely wounded.
The orc hits you with a +1 hand axe of freezing.
* * * LOW HITPOINT WARNING * * *
The orc freezes you.
* * * LOW HITPOINT WARNING * * *
The goblin closely misses you.
Shoot: a) +1 hand crossbow
Press: ? - help, Shift-Dir - straight line, f/p - goblin
Aim: a goblin, wielding a +0 dagger (severely wounded, 56% to hit)
You shoot a bolt. The bolt closely misses the goblin.
The orc closely misses you. The goblin hits you with a +0 dagger.
* * * LOW HITPOINT WARNING * * *
Unknown command.
Shoot: a) +1 hand crossbow
Press: ? - help, Shift-Dir - straight line, f/p - goblin
Aim: a goblin, wielding a +0 dagger (severely wounded, 56% to hit)
You shoot a bolt. The bolt hits the goblin!
You kill the goblin!
The orc hits you with a +1 hand axe of freezing.
You die...

#.........###.#.#
#.#######.#...#.# #.#
###.###†#.### #.#
#...........# #.#
###.#.#..[#####
#.###...#.#.########
#.#.................
#.#.#.###.#.#.......
#.)@o...............
###.#.##..#.#.#....#
#.#.##..#.#.#.....
#.#.##..#.#.#.##..
#.#.....#.#.[.<...
#.####..#.........
######.##..............
#[....)##.#.####....###
#.###.....#.# ####.# #


You could see an orc.

Vanquished Creatures
  A worm (D:2)
  2 dart slugs
  2 orcs (D:3)
  4 endoplasms (D:1)
  A giant cockroach (D:2)
  7 goblins
  5 hobgoblins
  4 jackals (D:2)
  2 quokkas
  6 ball pythons
  5 bats
  3 frilled lizards
  7 kobolds
  3 rats
52 creatures vanquished.

Vanquished Creatures (others)
  3 plants (D:2)
3 creatures vanquished.

Grand Total: 55 creatures vanquished

Notes
Turn   | Place    | Note
-------+----------+-------------------------------------------
     0 | D:1      | Ajdolov the Formicid Hunter began the quest for the Orb.
     0 | D:1      | Reached XP level 1. HP: 16/16 MP: 1/1
   154 | D:1      | Reached XP level 2. HP: 23/23 MP: 2/2
   213 | D:1      | Found a faded altar of an unknown god.
   394 | D:1      | Reached XP level 3. HP: 28/28 MP: 3/3
  1378 | D:2      | Reached XP level 4. HP: 29/35 MP: 4/4
  1380 | D:2      | Reached skill level 5 in Crossbows
  1976 | D:2      | Slain by an orc

Illustrated notes

Levels and vault maps discovered:
D:1:      dpeg_arrival_solitude, layout_loops_ring,
          shapermc_ecumenical_altar_mp_ritualfount
D:2:      layout_basic, lexackson_kobold_supper
D:3:      layout_rooms, uniq_sigmund, uniq_terence, uniq_robin

Skill      XL: |  1  2  3  4 |
---------------+-------------+-----
Fighting       | 3 |  3.1
Crossbows      | 5 |  5.1
Dodging        | |  1.7
Stealth        | |  1.2

Action                   |  1- 3 |  4- 6 || total
-------------------------+-------+-------++-------
 Fire: Hand crossbow     |   111 |    26 ||   137
 Abil: Dig               |     1 |     1 ||     2
Armor: Leather armour    |    14 |     4 ||    18
Dodge: Dodged            |    23 |     8 ||    31

Table legend: (Time is in decaauts)
 A = Elapsed time spent in this place.
 B = Non-inter-level travel time spent in this place.
 C = Inter-level travel time spent in this place.
 D = Time resting spent in this place.
 E = Time spent auto-exploring this place.
 F = Levels seen in this place.
 G = Mean time per level.
                   A        B        C        D        E       F      G
               +--------+--------+--------+--------+--------+-----+--------+
         Total |   2017 |   1980 |     37 |      0 |   1695 |   3 |  672.3 |
       Dungeon |   2017 |   1980 |     37 |      0 |   1695 |   3 |  672.3 |
               +--------+--------+--------+--------+--------+-----+--------+

Top non-repeatable levels by time:
     D:2: 1046 daAuts
     D:1: 964 daAuts
     D:3: 5 daAuts
